PL
NEW ORLEANS VOODOO @ GREENVILLE 84S
09/20/2042
 
TOP OF THE 1ST
New Orleans Voodoo batting - Pitching for Greenville 84s : LHP Zadock Dinkelmann
Pitching: LHP Zadock Dinkelmann
Batting: RHB Júlio Sahagún 0-0: Called Strike
0-1: Foul Ball, location: 2F
0-2: Ball
1-2: Foul Ball, location: 2F
1-2: SINGLE (Line Drive, 56D, EV 96.9 MPH)
Batting: RHB Rod Sarkies 0-0: Fly out, F8 (Line Drive, 89M, EV 93.8 MPH)
Batting: RHB Petri Kallio 0-0: Called Strike
0-1: Fly out, F2 (Popup, 2L, EV 90.0 MPH)
Batting: RHB John Clark 0-0: Ball
1-0: Called Strike
1-1: Ground out 1-3 (Groundball, 15S, EV 71.2 MPH)
Top of the 1st over - 0 runs, 1 hit, 0 errors, 1 left on base; New Orleans 0 - Greenville 0
BOTTOM OF THE 1ST
Greenville 84s batting - Pitching for New Orleans Voodoo : RHP Buzzy Grossman
Pitching: RHP Buzzy Grossman
Batting: LHB Lung Chaim 0-0: Called Strike
0-1: Swinging Strike
0-2: Ball
1-2: Strikes out swinging
Batting: RHB António Macías 0-0: Fly out, F9 (Flyball, 9S, EV 90.0 MPH)
Batting: LHB Craig Woods 0-0: Ball
1-0: Ball
2-0: Ball
3-0: Base on Balls
Batting: LHB Philip Visscher 0-0: Called Strike
0-1: Swinging Strike
0-2: Foul Ball, location: 2F
0-2: 2-RUN HOME RUN (Line Drive, 7D, EV 106.9 MPH), Distance : 382 ft
Batting: RHB Ángelo Delgado 0-0: Called Strike
0-1: Swinging Strike
0-2: DOUBLE (Flyball, 89D, EV 106.2 MPH)
Batting: LHB Vicente Gonzáles 0-0: Hit by Pitch
Batting: RHB António Etxebarria 0-0: Swinging Strike
0-1: Called Strike
0-2: Strikes out swinging
Bottom of the 1st over - 2 runs, 2 hits, 0 errors, 2 left on base; New Orleans 0 - Greenville 2
TOP OF THE 2ND
New Orleans Voodoo batting - Pitching for Greenville 84s : LHP Zadock Dinkelmann
Batting: RHB Travis Murphy 0-0: Ball
1-0: Ground out 6-3 (Groundball, 6M, EV 77.5 MPH)
Batting: LHB Jonathan Gunner 0-0: Ball
1-0: Ball
2-0: Called Strike
2-1: Swinging Strike
2-2: Foul Ball, location: 2F
2-2: Foul Ball, location: 2F
2-2: Strikes out swinging
Batting: SHB Alex Warner 0-0: Ball
1-0: Ball
2-0: Ball
3-0: Called Strike
3-1: Ground out 6-3 (Groundball, 6, EV 88.8 MPH)
Top of the 2nd over - 0 runs, 0 hits, 0 errors, 0 left on base; New Orleans 0 - Greenville 2
BOTTOM OF THE 2ND
Greenville 84s batting - Pitching for New Orleans Voodoo : RHP Buzzy Grossman
Batting: LHB Quincy Wass 0-0: Ball
1-0: Called Strike
1-1: Ball
2-1: Ball
3-1: Foul Ball, location: 2F
3-2: DOUBLE (Line Drive, 9LM, EV 95.0 MPH)
Batting: RHB Marcos Luna 0-0: Called Strike
0-1: Swinging Strike
0-2: Ball
1-2: Ball
2-2: Ball
3-2: Base on Balls
Batting: LHB Lung Chaim 0-0: Called Strike
0-1: SINGLE (Line Drive, 56, EV 96.2 MPH)
Quincy Wass to third
Marcos Luna to second
Batting: RHB António Macías 0-0: Called Strike
0-1: Fielders Choice at 2nd, 5-4 (Groundball, 5, EV 81.2 MPH)
Quincy Wass scores
Marcos Luna to third
Batting: LHB Craig Woods 0-0: Foul Ball, location: 2F
0-1: Ground out 4-3 (Groundball, 4M, EV 85.6 MPH)
Marcos Luna scores
António Macías to second
Batting: LHB Philip Visscher 0-0: Ball
1-0: Ball
2-0: Ball
3-0: Ground out 4-3 (Groundball, 4, EV 85.6 MPH)
Bottom of the 2nd over - 2 runs, 2 hits, 0 errors, 1 left on base; New Orleans 0 - Greenville 4
TOP OF THE 3RD
New Orleans Voodoo batting - Pitching for Greenville 84s : LHP Zadock Dinkelmann
Batting: RHB Vitorio Flores 0-0: Ball
1-0: Reached on error, E5 (Groundball, 5, EV 85.6 MPH)
Batting: LHB Jorge Castillo 0-0: Ball
1-0: Swinging Strike
1-1: SINGLE (Groundball, 3D, EV 105.6 MPH)
Vitorio Flores to second
Runner from 2nd tries for 3rd, SAFE, throw by RF made to third
Batting: RHB Júlio Sahagún 0-0: Ball
Pickoff Throw to First - Out! 1-3
1-0: Fly out, F8 (Flyball, 8RD, EV 103.8 MPH)
Runner from 3rd tags up, OUT at HOME! 8-2
Top of the 3rd over - 0 runs, 1 hit, 1 error, 0 left on base; New Orleans 0 - Greenville 4
BOTTOM OF THE 3RD
Greenville 84s batting - Pitching for New Orleans Voodoo : RHP Buzzy Grossman
Batting: RHB Ángelo Delgado 0-0: Called Strike
0-1: Ball
1-1: Ball
2-1: Ball
3-1: Swinging Strike
3-2: Foul Ball, location: 2F
3-2: Base on Balls
Batting: LHB Vicente Gonzáles 0-0: Ball
1-0: Called Strike
1-1: Ball
2-1: Foul Ball, location: 2F
2-2: Grounds into double play, 1-4-3 (Groundball, 15S, EV 62.5 MPH)
Batting: RHB António Etxebarria 0-0: Called Strike
0-1: Ball
1-1: Ground out 5-3 (Groundball, 5L, EV 105.6 MPH)
Bottom of the 3rd over - 0 runs, 0 hits, 0 errors, 0 left on base; New Orleans 0 - Greenville 4
TOP OF THE 4TH
New Orleans Voodoo batting - Pitching for Greenville 84s : LHP Zadock Dinkelmann
Batting: RHB Rod Sarkies 0-0: Ball
1-0: Foul Ball, location: 2F
1-1: Foul Ball, location: 2F
1-2: Ball
2-2: SINGLE (Line Drive, 89S, EV 93.8 MPH)
Batting: RHB Petri Kallio 0-0: Called Strike
0-1: Foul Ball, location: 2F
0-2: Strikes out looking
Batting: RHB John Clark Pickoff Throw to First - Out! 1-3
0-0: Called Strike
0-1: Swinging Strike
0-2: Ball
1-2: Strikes out swinging
Top of the 4th over - 0 runs, 1 hit, 0 errors, 0 left on base; New Orleans 0 - Greenville 4
BOTTOM OF THE 4TH
Greenville 84s batting - Pitching for New Orleans Voodoo : RHP Buzzy Grossman
Batting: LHB Quincy Wass 0-0: Ball
1-0: Ball
2-0: Foul Ball, location: 2F
2-1: SINGLE (Groundball, 6D, EV 100.6 MPH)
Batting: RHB Marcos Luna 0-0: Ball
1-0: Called Strike
1-1: Ball
2-1: Called Strike
2-2: Strikes out swinging
Batting: LHB Lung Chaim 0-0: Called Strike
0-1: Ball
1-1: Called Strike
1-2: Fly out, F7 (Flyball, 7D, EV 93.1 MPH)
Batting: RHB António Macías 0-0: Ball
1-0: Called Strike
1-1: Fielders Choice at 2nd, 5-4 (Groundball, 56, EV 89.4 MPH)
Bottom of the 4th over - 0 runs, 1 hit, 0 errors, 1 left on base; New Orleans 0 - Greenville 4
TOP OF THE 5TH
New Orleans Voodoo batting - Pitching for Greenville 84s : LHP Zadock Dinkelmann
Batting: RHB Travis Murphy 0-0: Ball
1-0: Foul Ball, location: 2F
1-1: Ball
2-1: Foul Ball, location: 2F
2-2: Foul Ball, location: 2F
2-2: Foul Ball, location: 2F
2-2: Strikes out swinging
Batting: LHB Jonathan Gunner 0-0: Called Strike
0-1: Fly out, F7 (Flyball, 7S, EV 88.1 MPH)
Batting: SHB Alex Warner 0-0: Called Strike
0-1: Swinging Strike
0-2: Foul Ball, location: 2F
0-2: Strikes out swinging
Top of the 5th over - 0 runs, 0 hits, 0 errors, 0 left on base; New Orleans 0 - Greenville 4
BOTTOM OF THE 5TH
Greenville 84s batting - Pitching for New Orleans Voodoo : RHP Buzzy Grossman
Batting: LHB Craig Woods 0-0: Called Strike
0-1: Swinging Strike
0-2: Fly out, F9 (Flyball, 9LSF, EV 90.6 MPH)
Batting: LHB Philip Visscher 0-0: Ball
1-0: Foul Ball, location: 2F
1-1: Foul Ball, location: 2F
1-2: Foul Ball, location: 2F
1-2: Ball
2-2: Foul Ball, location: 2F
2-2: Foul Ball, location: 2F
2-2: Ground out 5-3 (Groundball, 56S, EV 86.9 MPH)
Batting: RHB Ángelo Delgado 0-0: SINGLE (Groundball, 34D, EV 95.6 MPH)
Batting: LHB Vicente Gonzáles 0-0: Ball
1-0: Fly out, F8 (Flyball, 8LD, EV 96.9 MPH)
Bottom of the 5th over - 0 runs, 1 hit, 0 errors, 1 left on base; New Orleans 0 - Greenville 4
TOP OF THE 6TH
New Orleans Voodoo batting - Pitching for Greenville 84s : LHP Zadock Dinkelmann
Batting: RHB Vitorio Flores 0-0: Ball
1-0: Called Strike
1-1: Ball
2-1: Ball
3-1: SINGLE (Line Drive, 34, EV 106.2 MPH)
Batting: LHB Jorge Castillo 0-0: Called Strike
0-1: Ball
1-1: Swinging Strike
1-2: Fly out, F5 (Popup, 56S, EV 76.9 MPH)
Batting: RHB Júlio Sahagún 0-0: DOUBLE (Line Drive, 89D, EV 102.5 MPH)
Vitorio Flores to third
Batting: RHB Rod Sarkies 0-0: Ball
1-0: SINGLE (Line Drive, 3D, EV 98.1 MPH)
Vitorio Flores scores
Júlio Sahagún to third
Batting: RHB Petri Kallio 0-0: Called Strike
0-1: Ball
1-1: Ball
2-1: Fly out, F8 (Flyball, 89S, EV 90.6 MPH)
Batting: RHB John Clark 0-0: Ball
1-0: Called Strike
1-1: Fielders Choice at 2nd, 4-6 (Groundball, 4MD, EV 83.1 MPH)
Top of the 6th over - 1 run, 3 hits, 0 errors, 2 left on base; New Orleans 1 - Greenville 4
BOTTOM OF THE 6TH
Greenville 84s batting - Pitching for New Orleans Voodoo : RHP Buzzy Grossman
Batting: RHB António Etxebarria 0-0: SINGLE (Groundball, 56D, EV 96.2 MPH)
Batting: LHB Quincy Wass 0-0: Ball
1-0: Ball
2-0: Ball
António Etxebarria steals 2nd base (no throw)
3-0: Called Strike
3-1: Called Strike
3-2: Base on Balls
Batting: RHB Marcos Luna 0-0: Foul Ball, location: 2F
0-1: Ball
1-1: Bunted foul
1-2: Ball
2-2: Foul Ball, location: 2F
2-2: Fly out, F9 (Line Drive, 9, EV 103.1 MPH)
Pitching: LHP Santiago Rivera
Batting: LHB Lung Chaim 0-0: Fielders Choice at 2nd, 4-6 (Groundball, 4M, EV 101.2 MPH)
António Etxebarria to third
Batting: RHB António Macías 0-0: Ball
1-0: Ball
2-0: Swinging Strike
2-1: 3-RUN HOME RUN (Flyball, 7D, EV 93.1 MPH), Distance : 372 ft
Batting: LHB Craig Woods 0-0: Ball
1-0: Ball
2-0: Ground out U3 (Groundball, 3, EV 104.4 MPH)
Bottom of the 6th over - 3 runs, 2 hits, 0 errors, 0 left on base; New Orleans 1 - Greenville 7
TOP OF THE 7TH
New Orleans Voodoo batting - Pitching for Greenville 84s : LHP Zadock Dinkelmann
Batting: RHB Travis Murphy 0-0: Ball
1-0: Foul Ball, location: 2F
1-1: Foul Ball, location: 2F
1-2: Strikes out swinging
Batting: LHB Jonathan Gunner 0-0: Called Strike
0-1: Ground out 4-3 (Groundball, 4, EV 76.2 MPH)
Batting: SHB Alex Warner 0-0: Foul Ball, location: 2F
0-1: Called Strike
0-2: Ball
1-2: Foul Ball, location: 2F
1-2: Strikes out swinging
Top of the 7th over - 0 runs, 0 hits, 0 errors, 0 left on base; New Orleans 1 - Greenville 7
BOTTOM OF THE 7TH
Greenville 84s batting - Pitching for New Orleans Voodoo : LHP Santiago Rivera
Batting: LHB Philip Visscher 0-0: Foul Ball, location: 2F
0-1: Swinging Strike
0-2: Foul Ball, location: 2F
0-2: Ball
1-2: Strikes out looking
Batting: RHB Ángelo Delgado 0-0: Ball
1-0: Foul Ball, location: 2F
1-1: Fly out, F9 (Flyball, 9S, EV 79.4 MPH)
Batting: LHB Vicente Gonzáles 0-0: Ball
1-0: Called Strike
1-1: Foul Ball, location: 2F
1-2: Strikes out swinging
Bottom of the 7th over - 0 runs, 0 hits, 0 errors, 0 left on base; New Orleans 1 - Greenville 7
TOP OF THE 8TH
New Orleans Voodoo batting - Pitching for Greenville 84s : LHP Zadock Dinkelmann
Batting: RHB Vitorio Flores 0-0: Fly out, F9 (Flyball, 9LD, EV 111.2 MPH)
Batting: LHB Jorge Castillo 0-0: Called Strike
0-1: Ball
1-1: Called Strike
1-2: Strikes out swinging
Batting: RHB Júlio Sahagún 0-0: Called Strike
0-1: Ball
1-1: Ball
2-1: Called Strike
2-2: Strikes out swinging
Top of the 8th over - 0 runs, 0 hits, 0 errors, 0 left on base; New Orleans 1 - Greenville 7
BOTTOM OF THE 8TH
Greenville 84s batting - Pitching for New Orleans Voodoo : LHP Santiago Rivera
Batting: RHB António Etxebarria 0-0: Foul Ball, location: 2F
0-1: Ball
1-1: Ball
2-1: Ball
3-1: Base on Balls
Batting: LHB Quincy Wass 0-0: Called Strike
António Etxebarria steals 2nd base
0-1: Called Strike
0-2: Strikes out swinging
Batting: RHB Marcos Luna 0-0: Called Strike
0-1: Swinging Strike
Passed Ball!
António Etxebarria to third
0-2: Ball
1-2: Hit by Pitch
Batting: LHB Lung Chaim 0-0: Called Strike
0-1: Ball
1-1: Foul Ball, location: 2F
1-2: Ball
2-2: SINGLE (Groundball, 25, EV 73.8 MPH) (infield hit)
António Etxebarria scores
Marcos Luna to second
Batting: RHB António Macías 0-0: Foul Ball, location: 2F
0-1: Ball
1-1: SINGLE (Line Drive, 8LS, EV 106.2 MPH)
Marcos Luna to third
Lung Chaim to second
Runner from 3rd tries for Home, SAFE, no throw by CF
Batting: LHB Craig Woods 0-0: Ball
1-0: Ball
2-0: Foul Ball, location: 2F
2-1: Single, Error in OF, E9, batter to second base (Groundball, 3D, EV 100.0 MPH)
Lung Chaim scores
António Macías to third
Pinch Hitting: RHB Kyuso Kouno 0-0: Called Strike
0-1: Ball
1-1: Ball
2-1: Foul Ball, location: 2F
2-2: Fly out, F8 (Flyball, 8RM, EV 90.0 MPH)
Batting: RHB Ángelo Delgado 0-0: Foul Ball, location: 2F
0-1: Ground out 5-3 (Groundball, 56S, EV 85.6 MPH)
Bottom of the 8th over - 3 runs, 3 hits, 1 error, 2 left on base; New Orleans 1 - Greenville 10
TOP OF THE 9TH
New Orleans Voodoo batting - Pitching for Greenville 84s : LHP Zadock Dinkelmann
Pitching: RHP Iván Vázquez
Now at 1B: Kyuso Kouno
Batting: RHB Rod Sarkies 0-0: Foul Ball, location: 2F
0-1: Called Strike
0-2: Ball
1-2: Ball
2-2: Strikes out looking
Batting: RHB Petri Kallio 0-0: Ball
1-0: Swinging Strike
1-1: Foul Ball, location: 2F
1-2: Ground out 5-3 (Groundball, 56, EV 101.2 MPH)
Batting: RHB John Clark 0-0: Reached on error, E6 (Groundball, 6, EV 93.8 MPH)
Batting: RHB Travis Murphy 0-0: Called Strike
0-1: Called Strike
0-2: Strikes out looking
Top of the 9th over - 0 runs, 0 hits, 1 error, 1 left on base; New Orleans 1 - Greenville 10
Friday, March 26th, 2021 - OOTP Baseball 20.8 Build 74